 Dungeon Crawl Stone Soup version 0.31.0-11-ge490571c62 (webtiles) character file.

Game seed: 3775797302502819466

2 boberto the Conjurer (level 1, -1/14 HPs)
             Began as a Merfolk Conjurer on Feb 2, 2024.
             Slain by a hobgoblin (2 damage)
             ... on level 1 of the Dungeon.
             The game lasted 00:01:12 (152 turns).

boberto the Conjurer (Merfolk Conjurer)              Turns: 152, Time: 00:01:12

Health: -1/14      AC:  2    Str:  7    XL:     1   Next: 40%
Magic:  0/3        EV: 12    Int: 17    God:
Gold:   0          SH:  0    Dex: 12    Spells: 3/4 levels left

rFire   . . .        (no weapon)
rCold   . . .        (no shield)
rNeg    . . .        a - +0 robe
rPois   .            (no helmet)
rElec   .            (no cloak)
rCorr   .            (no gloves)
SInv    .            (no boots)
Will    .....        (no amulet)
Stlth   ++           (no ring)
HPRegen 0.22/turn    (no ring)
MPRegen 0.08/turn

%: no passive effects
@: no status effects
A: (nimble swimmer 2), mertail
a: no special abilities


You were on level 1 of the Dungeon.
You visited 1 branch of the dungeon, and saw 1 of its levels.

Inventory:

Armour
 a - a +0 robe (worn)
Potions
 b - a potion of magic


   Skills:
 + Level 0.7 Fighting
 - Level 2.7 Dodging
 - Level 2.2 Stealth
 - Level 2.0 Spellcasting
 - Level 3.2 Conjurations


You had 3 spell levels left.
You knew the following spells:

 Your Spells              Type           Power      Damage    Failure   Level
a - Magic Dart            Conj           48%        1d5       4%          1

Your spell library contained the following spells:

 Spells                   Type           Power      Damage    Failure   Level
 Searing Ray              Conj           24%        2d5       8%          2
 Fulminant Prism          Conj/Alch      3%         3d5       69%         4
 Iskenderun's Mystic Bla  Conj/Tloc      7%         2d4       69%         4


Dungeon Overview and Level Annotations

Branches:
Dungeon (1/15)

Altars:


Innate Abilities, Weirdness & Mutations

((You are very nimble when in or above water. (Stealth+, EV+, Speed+++)))
Your lower body shifts to a powerful aquatic tail in water.


Message History

The hobgoblin hits you.
Danger: Low HP Warning |T3| Reason: 35% HP (5/14)
Casting: Magic Dart (safe; 4% risk of failure)
Confirm with . or Enter, or press ? or * to list all spells.
You don't have enough magic to cast this spell.
The hobgoblin attacks as it pursues you!
The hobgoblin hits you.
* * * LOW HITPOINT WARNING * * *
Danger: Low HP Warning |T3| Reason: 7% HP (1/14)
Casting: Magic Dart (safe; 4% risk of failure)
Confirm with . or Enter, or press ? or * to list all spells.
You don't have enough magic to cast this spell.
You barely miss the hobgoblin.
The hobgoblin is lightly wounded.
The hobgoblin closely misses you.
Casting: Magic Dart (safe; 4% risk of failure)
Confirm with . or Enter, or press ? or * to list all spells.
You don't have enough magic to cast this spell.
You hit the hobgoblin.
The hobgoblin is moderately wounded.
The hobgoblin closely misses you.
You hit the hobgoblin.
The hobgoblin is heavily wounded.
The hobgoblin hits you.
* * * LOW HITPOINT WARNING * * *
Casting: Magic Dart (safe; 4% risk of failure)
Confirm with . or Enter, or press ? or * to list all spells.
Aiming: Magic Dart (safe; 4% risk of failure)
Press: ? - help, Shift-Dir - straight line, f - hobgoblin
Aim: a hobgoblin (heavily wounded, 100% to hit)
The magic dart hits the hobgoblin.
The hobgoblin is almost dead.
The hobgoblin barely misses you.
Casting: Magic Dart (safe; 4% risk of failure)
Confirm with . or Enter, or press ? or * to list all spells.
You don't have enough magic to cast this spell.
You hit the hobgoblin but do no damage.
The hobgoblin is almost dead.
The hobgoblin hits you.
You die...

###### #.<>.#
#....# ####
#....# ..#
#...@# #.#
#.§.g# ##.#
###..####.#...#
#.#..†.###g.....
#.#.###.# ..####
#.#.# #.# .#
#.#.####.# ..
#[.......# ##
###........


You could see a hobgoblin.

Vanquished Creatures
  A hobgoblin (D:1)
  A ball python (D:1)
  A frilled lizard (D:1)
3 creatures vanquished.

Notes
Turn   | Place    | Note
-------+----------+-------------------------------------------
     0 | D:1      | boberto the Merfolk Conjurer began the quest for the Orb.
     0 | D:1      | Reached XP level 1. HP: 13/13 MP: 3/3
   152 | D:1      | Slain by a hobgoblin

Illustrated notes

Levels and vault maps discovered:
D:1:      dpeg_arrival_fog, layout_loops_ring

Action                     || total
---------------------------++-------
  Melee: Unarmed           ||    15
   Cast: Magic Dart        ||     6
 Armour: Robe              ||    11
  Dodge: Dodged            ||     9
